cohdb
Replays
Latest Replays
All Replays
Popular Replays
Top Player Replays
Match Explorer
How It Works
Community
CoH3 Stats
Reddit
Sign in to upload your games and track your stats! →
Sign in with Steam
Match 46738100
Unlisted
Match 46738100
Overview
Messages
Build Orders
End
Scout Squad
Selects Airborne Battlegroup
Selects Heavy Machine Gun Paradrop
Heavy Machine Gun Paradrop
Engineer Squad
Engineer Squad
Infantry Support Center
Heavy Machine Gun Paradrop
Construct Medical Station
Construct Weapon Support Center
Selects Recon Loiter
M3 Armored Personnel Carrier
M3 Armored Personnel Carrier
Selects Supply Drop
Supply Drop
Selects Paratrooper Squad Paradrop
Paratrooper Squad Paradrop
Supply Drop
Construct Tank Depot
Engineer Squad
Recon Loiter
M4(105) Sherman Bulldozer
Recon Loiter
Supply Drop
Recon Loiter
M4(105) Sherman Bulldozer
M18 Hellcat Tank Destroyer
Recon Loiter
Selects Carpet Bombing Run
Bego
aSIIDemolitionHammer
Hareun
Cooter McGavin
0
0
Comments
sign in to comment!
No comments posted yet!